 Dungeon Crawl Stone Soup version 0.22-a0-614-g34fbaa0 (webtiles) character file.

19506 RepHenryClay the Nimble (level 12, -1/59 HPs)
             Began as a Deep Elf Wizard on July 13, 2018.
             Was a Priest of Vehumet.
             Slain by a spiny frog (21 damage)
             ... on level 3 of the Lair of Beasts.
             The game lasted 00:35:32 (18587 turns).

RepHenryClay the Nimble (Deep Elf Wizard)          Turns: 18587, Time: 00:35:32

Health: -1/59      AC:  9    Str:  4    XL:     12   Next: 37%
Magic:  18/28      EV: 21    Int: 27    God:    Vehumet [***...]
Gold:   508        SH:  0    Dex: 15    Spells: 15/31 levels left

rFire    . . .     SeeInvis .   a - +3 dagger (venom)
rCold    . . .     Gourm    .   (no shield)
rNeg     + . .     Faith    .   w - +2 robe {rN+}
rPois    +         Spirit   .   p - +0 helmet
rElec    .         Reflect  .   H - +1 cloak
rCorr    .         Harm     .   (no gloves)
MR       +....                  O - +1 pair of boots {run}
Stlth    +++++.....             v - amulet of magic regeneration
HPRegen  0.19/turn              f - ring of stealth
MPRegen  0.46/turn              s - ring of poison resistance

@: quick
A: no striking features
a: Renounce Religion


You were on level 3 of the Lair of Beasts.
You worshipped Vehumet.
Vehumet was most pleased with you.
You were hungry.

You visited 3 branches of the dungeon, and saw 15 of its levels.
You also visited: Sewer.

You collected 904 gold pieces.
You spent 396 gold pieces at shops.

Inventory:

Hand Weapons
 a - a +3 dagger of venom (weapon)
 F - a +2 scimitar of flaming
 I - a +2 dagger of freezing
 S - the +1 falchion of Gehenna {slice, Int+2}
   (You found it on level 2 of the Lair of Beasts)

   It inflicts extra damage upon your enemies.
   It affects your intelligence (+2).
Armour
 o - a cursed +0 buckler
 p - a +0 helmet (worn)
 t - a +0 pair of boots
 w - a +2 robe of positive energy (worn)
 H - a +1 cloak (worn)
 O - a +1 pair of boots of running (worn)
 Q - a +2 robe of cold resistance
Jewellery
 f - a ring of stealth (left hand)
 s - a ring of poison resistance (right hand)
 v - an amulet of magic regeneration (around neck)
 y - an uncursed ring of fire
 N - an uncursed ring of flight
 R - an uncursed ring of ice
Wands
 h - a wand of disintegration (12)
 q - a wand of enslavement (15)
 x - a wand of clouds (4)
 z - a wand of paralysis (35)
 E - a wand of flame (13)
 G - a wand of iceblast (14)
Scrolls
 b - 2 scrolls of enchant weapon
 e - 8 scrolls of remove curse
 g - a scroll of torment {unknown}
 m - 2 scrolls of enchant armour
 r - 3 scrolls of teleportation
 u - 2 scrolls of blinking
 D - 2 scrolls of fear
 L - a scroll of magic mapping
 M - a scroll of holy word
Potions
 c - a potion of magic
 i - a potion of flight
 k - a potion of mutation
 l - a potion of might
 n - a potion of invisibility
 A - 3 potions of cancellation
 B - 3 potions of heal wounds
 C - a potion of brilliance
 J - a potion of haste
 K - 2 potions of curing
 P - a potion of resistance
Comestibles
 d - 27 rations


   Skills:
 - Level 10.0 Short Blades
 + Level 12.1 Dodging
 - Level 10.0 Stealth
 - Level 10.0 Spellcasting
 - Level 10.1 Conjurations
 - Level 8.2 Hexes
   Level 1.1 Summonings
 - Level 1.1 Translocations


You had 15 spell levels left.
You knew the following spells:

 Your Spells              Type           Power        Failure   Level  Hunger
a - Magic Dart            Conj           ####         1%          1    None
b - Blink                 Tloc           N/A          4%          2    None
c - Conjure Flame         Conj/Fire      #####...     1%          3    None
d - Mephitic Cloud        Conj/Pois/Air  ####....     1%          3    None
e - Dazzling Spray        Conj/Hex       ######       1%          3    None
f - Fulminant Prism       Conj/Hex       ######....   1%          4    None

Your spell library contained the following spells:

 Spells                   Type           Power        Failure   Level  Hunger
 Slow                     Hex            ######..     1%          2    None
 Summon Small Mammal      Summ           ###.         2%          1    None
 Summon Ice Beast         Ice/Summ       ###.....     34%         4    None
 Call Imp                 Summ           ###.....     4%          2    None
 Call Canine Familiar     Summ           ###.....     9%          3    None
 Summon Lightning Spire   Summ/Air       ###.....     34%         4    None
 Summon Guardian Golem    Hex/Summ       #####...     1%          3    None


Dungeon Overview and Level Annotations

Branches:
Dungeon (11/15)            Temple (1/1) D:7            Lair (3/6) D:8
  Snake (0/4) Lair:3          Orc (0/2) D:9
  Swamp: Lair:2-4    Shoals: Lair:2-4

Altars:
Ashenzari
Cheibriados
Dithmenos
Elyvilon
Fedhas
Gozag
Hepliaklqana
Kikubaaqudgha
Makhleb
Nemelex Xobeh
Okawaru
Qazlal
Ru
Sif Muna
Trog
Uskayaw
Vehumet
Wu Jian
Xom
Yredelemnul
Zin
The Shining One

Shops:
D:5 }}*[(   D:6 (

Annotations:
D:8 3 runed doors, AtomicRavioli's ghost, novice NaWn; jiveturtle's ghost, novice DrCj
Lair:1 1 runed door, Muep's ghost, journeyman DDFi


Message History

The spiny frog misses you.
Casting: Dazzling Spray (safe; 1% risk of failure)
Confirm with . or Enter, or press ? or * to list all spells.
Aiming: Dazzling Spray (safe; 1% risk of failure)
Press: ? - help, Shift-Dir - straight line, f/p - spiny frog
Aim: a spiny frog (lightly wounded)
The spray of energy hits the spiny frog.
The spiny frog is moderately wounded.
The spiny frog stings you.
* * * LOW HITPOINT WARNING * * *
Damage: -4%(-2hp) hp: 34%(20hp)
Casting: Dazzling Spray (safe; 1% risk of failure)
Confirm with . or Enter, or press ? or * to list all spells.
Aiming: Dazzling Spray (safe; 1% risk of failure)
Press: ? - help, Shift-Dir - straight line, f/p - spiny frog
Aim: a spiny frog (moderately wounded)
The spray of energy hits the spiny frog.
The spiny frog is heavily wounded.
The spiny frog stings you!!
You die...

..... .....# .......#
### ## .....!#.##.###
#..#
..../..#.#.<.###...#
..... #.......†.#
.....##....8Y...#
.##.# #.....##F#.).#
...$.
##...####@##...##
.....
#...#####.###...#
.....
..##...###....#......
#P...
+.....Yl............
%#P...
#8.....8..<..8.....8
Y....#
#....(.........[.(....


Y.YY. #.###.........###...# .Y... # #....####### ...# ##.## ##.... .## # You
could see an elephant and a spiny frog.

Vanquished Creatures
  Fannar (Lair:2)
  2 hydras
  Erica (D:9)
  2 two-headed ogres (D:9)
  An unseen horror (D:10)
  Pikel (D:5)
  Maurice (D:9)
  4 elephants
  3 black mambas
  2 spiny frogs
  3 komodo dragons
  A queen bee (D:11)
  A troll (D:10)
  4 blink frogs (Lair:2)
  A hornet (D:7)
  2 hippogriffs
  11 yaks
  A fire elemental (Lair:2)
  A wyvern (D:7)
  2 hungry ghosts
  An acid dragon (D:11)
  Edmund (D:5)
  6 water moccasins
  5 porcupines
  3 ice beasts
  2 orc warriors
  A necrophage (D:10)
  2 phantoms
  3 sky beasts
  2 black bears
  3 wolves
  An ogre (D:9)
  4 centaurs
  6 crocodiles
  A big kobold (D:7)
  Blork the orc (D:6)
  17 bullfrogs
  2 scorpions
  26 killer bees
  4 crimson imps
  A bullfrog zombie (D:8)
  4 hounds
  A centaur skeleton (D:9)
  5 orc priests
  4 bullfrog skeletons
  4 jellies
  6 iguanas
  18 orc wizards
  Ijyb (D:4)
  7 worker ants
  A killer bee zombie (D:10)
  A hound zombie (D:5)
  A worker ant zombie (D:6)
  4 gnolls
  12 adders
  A shadow imp (D:5)
  2 oozes
  2 adder zombies
  2 worms
  2 dart slugs
  7 leopard geckos
  51 orcs
  9 giant cockroaches
  4 goblins
  13 hobgoblins
  3 jackals (D:5)
  11 kobolds
  4 quokkas
  A ball python (D:5)
  9 bats
  2 frilled lizards (D:1)
  A leopard gecko zombie (D:6)
  12 rats
  A fungus (Lair:2)
343 creatures vanquished.

Vanquished Creatures (collateral kills)
  4 killer bees
4 creatures vanquished.

Vanquished Creatures (others)
  A killer bee (D:11)
  A hound (D:5)
  A leopard gecko (D:5)
  3 jackals (D:5)
  3 fulminant prisms (Lair:3)
  2 plants
  4 withered plants (D:8)
15 creatures vanquished.

Grand Total: 362 creatures vanquished

Notes
Turn   | Place    | Note
-------+----------+-------------------------------------------
     0 | D:1      | RepHenryClay the Deep Elf Wizard began the quest for the Orb.
     0 | D:1      | Reached XP level 1. HP: 10/10 MP: 7/7
   465 | D:1      | Reached XP level 2. HP: 15/15 MP: 1/9
   535 | D:1      | Learned a level 2 spell: Blink
  1467 | D:2      | Reached XP level 3. HP: 8/19 MP: 3/10
  1524 | D:2      | Learned a level 3 spell: Conjure Flame
  1528 | D:2      | Learned a level 3 spell: Mephitic Cloud
  1765 | D:2      | Found a sacrificial altar of Ru.
  2683 | D:3      | Reached XP level 4. HP: 24/24 MP: 6/12
  2786 | D:3      | Found a snail-covered altar of Cheibriados.
  2851 | D:3      | Found a glowing drain.
  3052 | Sewer    | Entered a sewer
  3055 | Sewer    | Reached skill level 5 in Conjurations
  3112 | Sewer    | Noticed a crocodile
  3187 | Sewer    | Killed a crocodile
  3187 | Sewer    | Reached XP level 5. HP: 28/28 MP: 1/13
  3633 | D:3      | Found a stormy altar of Qazlal.
  3717 | D:3      | Reached XP level 6. HP: 32/32 MP: 11/14
  3793 | D:3      | Found a blossoming altar of Fedhas.
  3793 | D:3      | Found a bloodstained altar of Trog.
  3798 | D:3      | Found a shattered altar of Ashenzari.
  3798 | D:3      | Found an ornate altar of the Wu Jian Council.
  3812 | D:3      | Reached skill level 1 in Short Blades
  4056 | D:3      | Found a deep blue altar of Sif Muna.
  4237 | D:3      | Found a sparkling altar of Nemelex Xobeh.
  4486 | D:4      | Noticed Ijyb
  4509 | D:4      | Killed Ijyb
  4520 | D:4      | Noticed a sky beast
  4793 | D:4      | Killed a sky beast
  4793 | D:4      | Reached XP level 7. HP: 36/36 MP: 11/15
  5233 | D:5      | Entered Level 5 of the Dungeon
  5805 | D:5      | Reached skill level 5 in Stealth
  6010 | D:5      | Found Hocke's Weapon Emporium.
  6028 | D:5      | Noticed Edmund
  6084 | D:5      | Killed Edmund
  6173 | D:5      | Noticed Pikel
  6200 | D:5      | Killed Pikel
  6200 | D:5      | Reached skill level 5 in Short Blades
  6200 | D:5      | Reached XP level 8. HP: 28/41 MP: 6/16
  6498 | D:5      | Found Ufuxkean's Antique Armour Shoppe.
  6506 | D:5      | Bought a runed robe for 88 gold pieces
  6506 | D:5      | Bought a runed robe for 88 gold pieces
  6593 | D:5      | Found Zeoheul's Gadget Emporium.
  6723 | D:5      | Found Ozynohad's Gadget Shop.
  6784 | D:5      | Found Fuuzyd's General Store.
  6953 | D:6      | Reached skill level 5 in Spellcasting
  7034 | D:6      | Found Jejurch Yczoi's Weapon Shop.
  7422 | D:6      | Reached XP level 9. HP: 34/45 MP: 19/21
  7571 | D:6      | Noticed Blork the orc
  7581 | D:6      | Killed Blork the orc
  8172 | D:7      | Paralysed by an orc for 6 turns
  8577 | D:7      | Found a staircase to the Ecumenical Temple.
  8593 | Temple   | Entered the Ecumenical Temple
  8700 | Temple   | Became a worshipper of Vehumet
  9488 | D:7      | Found a burning altar of Makhleb.
 10227 | D:7      | Reached skill level 10 in Spellcasting
 10227 | D:7      | Reached skill level 10 in Conjurations
 10494 | D:8      | Reached * piety under Vehumet
 10494 | D:8      | Offered knowledge of Freeze by Vehumet.
 10574 | D:8      | Reached skill level 3 in Dodging
 10779 | D:5      | Bought an uncursed ring of poison resistance for 220 gold pieces
 10903 | D:8      | Reached XP level 10. HP: 50/50 MP: 20/26
 10986 | D:8      | Found a hide-covered altar of Uskayaw.
 10987 | D:8      | Noticed a hand axe
 10987 | D:8      | Noticed a dagger
 11372 | D:8      | Found a runed gate.
 11372 | D:8      | Found a runed gate.
 11375 | D:8      | Found a runed gate.
 11378 | D:8      | Noticed AtomicRavioli's ghost (novice NaWn)
 11379 | D:8      | Noticed jiveturtle's ghost (novice DrCj)
 11566 | D:8      | Reached skill level 4 in Dodging
 11592 | D:8      | Found a staircase to the Lair.
 12021 | D:9      | Noticed Erica
 12032 | D:9      | Killed Erica
 12032 | D:9      | Reached skill level 5 in Dodging
 12305 | D:9      | Noticed a two-headed ogre
 12331 | D:9      | Killed a two-headed ogre
 12331 | D:9      | Reached skill level 6 in Dodging
 12651 | D:9      | Reached skill level 7 in Dodging
 12722 | D:9      | Noticed Maurice
 12745 | D:9      | Killed Maurice
 12970 | D:9      | Noticed a two-headed ogre
 12998 | D:9      | Killed a two-headed ogre
 12998 | D:9      | Reached skill level 8 in Dodging
 13063 | D:9      | Found a staircase to the Orcish Mines.
 13175 | D:9      | Found a sparkling altar of Nemelex Xobeh.
 13286 | D:10     | Entered Level 10 of the Dungeon
 13319 | D:10     | Reached XP level 11. HP: 41/54 MP: 23/27
 13851 | D:10     | Killed an unseen horror
 13851 | D:10     | Reached skill level 9 in Dodging
 13851 | D:10     | Reached skill level 10 in Stealth
 14280 | D:10     | Identified a +1 pair of boots of running (You found it on level 10 of the Dungeon)
 14700 | D:11     | Offered knowledge of Shock by Vehumet.
 14720 | D:11     | Reached ** piety under Vehumet
 14720 | D:11     | Noticed a four-headed hydra
 14793 | D:11     | Killed a four-headed hydra
 15217 | D:11     | Reached skill level 10 in Dodging
 15248 | D:11     | Offered knowledge of Dazzling Spray by Vehumet.
 15417 | D:11     | Learned a level 3 spell: Dazzling Spray
 15862 | Lair:1   | Entered Level 1 of the Lair of Beasts
 16274 | Lair:1   | Found a runed door.
 16274 | Lair:1   | Noticed Muep's ghost (journeyman DDFi)
 16714 | Lair:2   | Reached skill level 5 in Hexes
 16880 | Lair:2   | Noticed Fannar
 16901 | Lair:2   | Killed Fannar
 16901 | Lair:2   | Reached *** piety under Vehumet
 17181 | Lair:2   | Got a steaming falchion
 17182 | Lair:2   | Identified the cursed +1 falchion of Gehenna {slice, Int+2} (You found it on level 2 of the Lair of Beasts)
 17543 | Lair:2   | Reached XP level 12. HP: 59/59 MP: 22/28
 17744 | Lair:3   | Found a staircase to the Snake Pit.
 17784 | Lair:3   | Reached skill level 10 in Short Blades
 17858 | Lair:3   | Noticed a six-headed hydra
 17899 | Lair:3   | Offered knowledge of Fulminant Prism by Vehumet.
 17925 | Lair:3   | Reached skill level 11 in Dodging
 17958 | Lair:2   | Learned a level 4 spell: Fulminant Prism
 18323 | Lair:3   | Noticed a five-headed hydra
 18331 | Lair:3   | Killed a five-headed hydra
 18368 | Lair:3   | Reached skill level 12 in Dodging
 18587 | Lair:3   | Slain by a spiny frog

Vault maps used:
D:1:      dpeg_arrival_ratfight
D:2:      nicolae_ru_path_of_blood, minmay_misc_feat_x
D:3:      lemuel_round_altar, lemuel_round_altar,
          nicolae_overflow_hidden_temple, grunt_temple_overflow_cloverleaf,
          gup_sewer_entry_pipe, nemelex_lonely_heart_becter
D:4:      roderic_nine_men_s_morris, sigmund_army, uniq_ijyb
D:5:      serial_shops, shop, shop_statue, shop, nicolae_shop_stone, shop,
          first_ration, uniq_edmund, uniq_pikel
D:6:      serial_shops, shop_fountains, uniq_blork_the_orc
D:7:      nicolae_whirlpool, old_standard_altar, minmay_temple_entry_mist
D:8:      dancing_weapons_uskayaw, david_lair_shrubbed, gammafunk_ghost_cemetery
D:9:      lemuel_coloured_pillars_altar, orc_0_dummy, grunt_ogre_cave,
          uniq_erica, uniq_maurice
D:10:     minmay_orc_keep
Temple:   jpeg_temple_clearing
Lair:1:   gammafunk_ghost_grave
Lair:2:   infiniplex_staircase_pool, uniq_fannar
Lair:3:   swamp_mist_pool, dummy_snake_entry, grunt_megastairs_5
Sewer:    sewer_big_baddie

Skill      XL: |  1  2  3  4  5  6  7  8  9 10 11 12 |
---------------+-------------------------------------+-----
Conjurations   | 2 3 4 5 6 8 10 | 10.1
Short Blades   | 3 5 6 7 9 10 | 10.0
Stealth        | 3 7 9 10 | 10.0
Spellcasting   | 6 10 | 10.0
Dodging        | 3 8 10 12 | 12.1
Hexes          | 8 |  8.2
Summonings     | |  1.1
Translocations | |  1.1

Action                   |  1- 3 |  4- 6 |  7- 9 | 10-12 || total
-------------------------+-------+-------+-------+-------++-------
Melee: Dagger            |     5 |   112 |   184 |   243 ||   544
 Cast: Magic Dart        |    60 |   116 |   326 |   314 ||   816
       Mephitic Cloud    |       |     6 |    20 |    43 ||    69
       Conjure Flame     |       |     1 |    10 |    22 ||    33
       Blink             |       |       |     7 |     3 ||    10
       Dazzling Spray    |       |       |       |    77 ||    77
       Fulminant Prism   |       |       |       |     3 ||     3
  Use: Scroll            |     6 |       |     8 |    10 ||    24
       Potion            |       |     3 |     1 |       ||     4
 Stab: Sleeping          |     1 |       |     2 |     7 ||    10
       Confused          |       |     2 |     3 |    20 ||    25
       Invisible         |       |       |       |     6 ||     6
  Eat: Chunk             |     5 |     7 |    12 |    14 ||    38
       Ration            |       |       |     2 |     3 ||     5
Armor: Robe              |     3 |    14 |    45 |    41 ||   103
       Skin              |       |     1 |       |       ||     1
Dodge: Dodged            |     9 |    47 |   156 |   189 ||   401

Table legend:
 A = Spawn XP
 B = Non-spawn XP
 C = Spawn XP percentage of total XP
 D = Spawn monster count
 E = Non-spawn monster count
 F = Spawn count percentage of total count
 G = Total turns spent on level
                    A         B        C        D         E        F      G
               +---------+---------+-------+---------+---------+-------+---------
         Total |       0 |   27867 |   0.0 |       0 |     347 |   0.0 | 18587
               +---------+---------+-------+---------+---------+-------+---------
           D:1 |       0 |      31 |   0.0 |       0 |      13 |   0.0 |  1211
           D:2 |       0 |      62 |   0.0 |       0 |      17 |   0.0 |  1494
           D:3 |       0 |     294 |   0.0 |       0 |      53 |   0.0 |  1401
           D:4 |       0 |     470 |   0.0 |       0 |      17 |   0.0 |  1369
           D:5 |       0 |    1050 |   0.0 |       0 |      20 |   0.0 |  1219
           D:6 |       0 |    1115 |   0.0 |       0 |      29 |   0.0 |  1161
           D:7 |       0 |    2087 |   0.0 |       0 |      38 |   0.0 |  2287
           D:8 |       0 |    1318 |   0.0 |       0 |      21 |   0.0 |  1473
           D:9 |       0 |    4288 |   0.0 |       0 |      20 |   0.0 |  1297
          D:10 |       0 |    2167 |   0.0 |       0 |      24 |   0.0 |  1387
          D:11 |       0 |    4159 |   0.0 |       0 |      46 |   0.0 |  1138
        Lair:1 |       0 |    1459 |   0.0 |       0 |       7 |   0.0 |  1029
        Lair:2 |       0 |    4668 |   0.0 |       0 |      20 |   0.0 |  1349
        Lair:3 |       0 |    4591 |   0.0 |       0 |      16 |   0.0 |   347
         Sewer |       0 |     108 |   0.0 |       0 |       6 |   0.0 |   301
               +---------+---------+-------+---------+---------+-------+---------
